AoeStats
← Drydaitas

Nomad

509210597Analyzed
2v2 RM · 6d ago on Sep 25, 2026· 56m 9s· 4 players
Game mode
Random Map
Map size
176×176
Population
200
Speed
Normal
Resources
Standard
Victory
Conquest
Starting age
Dark Age
Ending age
Imperial Age
RankedLock teamsTeams togetherTeam positionsShared explorationLock speedFull tech treeHidden civsTurbo modeCheats
Victory
Defeat
🇨🇿 Danes · Czechia
1362
+16
🇨🇿 Italians · Czechia
1328
+17
🇺🇸 Varangians · United States
1378
-17
🇺🇸 Danes · United States
1347
-16
Drydaitas
5:35 Loom
5:58 Loom
13:11 Feudal Age
14:19 Double-Bit Axe
18:13 Castle Age
16:23 Stone Mining
18:12 Fishing Lines
19:04 Bow Saw
20:37 Fletching
23:15 Horse Collar
28:14 Heavy Plow
29:33 Wheelbarrow
29:14 Town Watch
33:25 Imperial Age
31:11 Scale Mail Armor
31:11 Gold Mining
31:42 Squires
31:27 Gambesons
31:57 Bodkin Arrow
32:35 Forging
34:05 Chain Mail Armor
34:52 Ballistics
35:21 Plate Mail Armor
35:53 Gold Shaft Mining
36:08 Iron Casting
35:01 Elite Jomsviking
36:24 Masonry
36:03 Cranequins
39:01 Chemistry
37:33 Heavy Mounted Crossbowman
38:43 Siege Engineers
38:48 Murder Holes
40:32 Blast Furnace
39:34 Bracer
41:07 Padded Archer Armor
42:36 Leather Archer Armor
43:18 Conscription
43:51 Bloodlines
43:42 Husbandry
45:58 Northmen's Fury
46:21 Hamask
47:42 Thumb Ring
51:12 Ring Archer Armor
50:59 Hand Cart
50:47 Town Patrol
52:17 Blast Furnace
51:58 Onager
52:11 Pikeman
52:37 Arson
52:46 Halberdier
55:25 Scale Barding Armor
55:47 Siege Onager
Sikfred
4:29 Loom
11:49 Feudal Age
18:09 Castle Age
17:03 Double-Bit Axe
17:11 Gold Mining
20:30 Fletching
20:29 Crossbowman
26:37 Ballistics
26:23 Padded Archer Armor
28:57 Thumb Ring
31:51 Bodkin Arrow
37:52 Imperial Age
36:37 Scale Barding Armor
36:34 Scale Mail Armor
36:45 Forging
37:37 Town Watch
38:30 Wheelbarrow
38:30 Murder Holes
38:59 Chain Mail Armor
38:33 Arbalester
40:10 Arson
40:26 Squires
41:37 Stone Mining
45:03 Leather Archer Armor
44:48 Bracer
48:04 Conscription
49:14 Chemistry
49:16 Stone Shaft Mining
48:35 Horse Collar
49:07 Bow Saw
51:12 Fishing Lines
51:38 Heavy Plow
52:13 Ring Archer Armor
51:43 Bracer
53:05 Plate Mail Armor
53:10 Iron Casting
56:48 Hand Cart
56:34 Town Patrol
Movinup14
13:34 Feudal Age
17:14 Castle Age
16:23 Fletching
16:37 Loom
16:45 Horse Collar
18:38 Bodkin Arrow
21:01 Double-Bit Axe
24:43 Wheelbarrow
23:54 Town Watch
26:44 Scale Barding Armor
29:06 Bow Saw
29:31 Bloodlines
30:16 Husbandry
30:28 Forging
34:06 Imperial Age
32:23 Hand Cart
32:06 Gold Mining
33:50 Iron Casting
36:24 Blast Furnace
37:01 Stone Mining
38:10 Chain Barding Armor
38:10 Masonry
38:32 Conscription
40:00 Plate Barding Armor
39:33 Elite Jarl
41:04 Squires
42:31 Siege Engineers
48:22 Architecture
Psalms18:2
6:02 Loom
12:39 Feudal Age
14:49 Double-Bit Axe
17:20 Castle Age
16:25 Fletching
16:44 Horse Collar
18:56 Squires
21:13 Scale Mail Armor
21:24 Forging
21:52 Arson
25:40 Chain Mail Armor
30:40 Gambesons
33:53 Wheelbarrow
35:09 Bodkin Arrow
40:30 Town Watch
41:43 Ballistics
42:43 Hand Cart
45:25 Man-at-Arms
46:27 Long Swordsman
51:24 Elite Skirmisher
54:25 Padded Archer Armor
56:32 Leather Archer Armor
Connection lost

Rejoining the realm…

Still unreachable

The connection could not be restored.

Session expired

The server has moved on; the page needs a fresh start.